 Dungeon Crawl Stone Soup version 0.20.1-1-g8b1a95d (webtiles) character file.

98 pstr the Conjurer (level 5, -8/28 HPs)
             Began as a Kobold Conjurer on Nov 12, 2017.
             Mangled by Sigmund
             ... wielding a +0 scythe
              (9 damage)
             ... on level 2 of the Dungeon.
             The game lasted 00:07:49 (2306 turns).

pstr the Conjurer (Kobold Conjurer)                 Turns: 2306, Time: 00:07:49

Health: -8/28      AC:  5    Str:  0 (3)  XL:     5   Next: 1%
Magic:  3/9        EV:  6    Int: 17 (18) God:
Gold:   35         SH:  0    Dex: 14 (15) Spells: 6/9 levels left

rFire    . . .     SeeInvis .   m - +2 mace (protect)
rCold    . . .     Gourm    .   (shield restricted)
rNeg     . . .     Faith    .   l - +0 ring mail
rPois    .         Spirit   .   (no helmet)
rElec    .         Reflect  .   (no cloak)
rCorr    .         Harm     .   (no gloves)
MR       .....                  i - -1 pair of boots
Stlth    ++........             (no amulet)
Regen    0.0/turn               (no ring)
MPRegen  0.2/turn               (no ring)

@: slowed, lost strength, very slow
A: carnivore 3, mutation resistance 1, inhibited regeneration, weak 1
a: no special abilities


You were on level 2 of the Dungeon.
You were very full.

You visited 1 branch of the dungeon, and saw 3 of its levels.

You collected 35 gold pieces.

Inventory:

Hand Weapons
 k - a -2 whip
 m - a +2 mace of protection (weapon)
Missiles
 e - 55 arrows
 f - 88 stones (quivered)
Armour
 a - a +0 robe
 i - a -1 pair of boots (worn)
 l - a +0 ring mail (worn)
Magical Staves
 p - an uncursed staff of conjuration {unknown}
Scrolls
 h - 5 scrolls of identify {unknown}
Potions
 d - a potion of lignification {unknown}
 j - a potion of ambrosia {unknown}
Books
 b - a book of Conjurations

   Spells                             Type                      Level
   a - Magic Dart                     Conjuration                  1
   b - Searing Ray                    Conjuration                  2
   c - Dazzling Spray                 Conjuration/Hexes            3
   d - Fulminant Prism                Conjuration/Hexes            4
   e - Force Lance                    Conjuration/Translocation    4
   f - Iskenderun's Mystic Blast      Conjuration                  4
Comestibles
 c - a meat ration
 q - 4 chunks of flesh


   Skills:
 + Level 0.4 Fighting
 + Level 0.1 Maces & Flails
 + Level 0.1 Armour
 + Level 2.8 Dodging
 + Level 3.0 Stealth
 + Level 2.8 Spellcasting
 + Level 5.2 Conjurations


You had 6 spell levels left.
You knew the following spells:

 Your Spells              Type           Power        Failure   Level  Hunger
a - Magic Dart            Conj           ###.         80%         1    #......
b - Searing Ray           Conj           ###...       90%         2    ##.....


Dungeon Overview and Level Annotations

Branches:
Dungeon (3/15)

Altars:
Xom
The Shining One

Annotations:
D:2 Sigmund


Innate Abilities, Weirdness & Mutations

You are small and have problems with some larger weapons.
You are carnivorous and can eat meat at any time.
You are somewhat resistant to further mutation.
You do not regenerate when monsters are visible.
You are weak. (Str -2)


Message History

You're too confused!
It was a potion of curing.
You feel better.
You hear some strange, mumbled words.
A puff of flame appears from out of thin air!
The puff of flame misses you.
You feel better. Something hits you!
* * * LOW HITPOINT WARNING * * *
It was a potion of mutation.
You feel extremely strange.
You feel weaker.
Your regeneration stops near monsters.
You feel genetically stable.
It was a potion of degeneration.
There was something very wrong with that liquid.
You feel weakened.
You have lost your strength.
You feel dopey.
You feel clumsy. Something hits you.
* * * LOW HITPOINT WARNING * * *
Something hits you but does no damage.
You can move again.
Something hits you!
You die...

## . .#### #..
...### #...#
†.#.#
......##..# ##
#....###.#
#.#.#b{#.####
#.##.#.....#
#.>....b#.@...#
......###.....#
....... #.....#
...... #.....#
...... ###.###
#..... #.#
#..... ##.# ...
#..# #. ###.##
#.##


You could see a bat.

Vanquished Creatures
  Terence (D:2)
  2 adders (D:2)
  An ooze (D:1)
  A dart slug (D:2)
  An orc (D:3)
  A ball python (D:2)
  7 giant cockroaches
  9 goblins
  A hobgoblin (D:1)
  4 jackals (D:3)
  8 kobolds
  4 bats
  2 frilled lizards (D:1)
  2 rats
44 creatures vanquished.

Notes
Turn   | Place    | Note
-------+----------+-------------------------------------------
     0 | D:1      | pstr the Kobold Conjurer began the quest for the Orb.
     0 | D:1      | Reached XP level 1. HP: 10/10 MP: 3/3
   301 | D:1      | Reached XP level 2. HP: 15/15 MP: 1/5
   308 | D:1      | Learned a level 2 spell: Searing Ray
   865 | D:1      | Reached XP level 3. HP: 19/19 MP: 2/6
  1265 | D:2      | Noticed Terence
  1640 | D:2      | Reached skill level 5 in Conjurations
  1640 | D:2      | Reached XP level 4. HP: 16/24 MP: 0/7
  1740 | D:2      | Found a shimmering altar of Xom.
  1744 | D:2      | Found a shimmering altar of Xom.
  1747 | D:2      | Found a shimmering altar of Xom.
  1869 | D:2      | Found a glowing golden altar of the Shining One.
  2164 | D:2      | Killed Terence
  2170 | D:2      | Reached XP level 5. HP: 24/28 MP: 0/9
  2281 | D:2      | Noticed Sigmund
  2299 | D:2      | HP: 1/28 [something (10)]
  2303 | D:2      | Gained mutation: You are weak. (Str -2) [potion of mutation]
  2303 | D:2      | Gained mutation: You do not regenerate when monsters are visible. [potion of mutation]
  2303 | D:2      | Gained mutation: You are somewhat resistant to further mutation. [potion of mutation]
  2304 | D:2      | Lost strength.
  2304 | D:2      | HP: 1/28 [something (4)]
  2306 | D:2      | Mangled by Sigmund

Skill      XL: |  1  2  3  4 |
---------------+-------------+-----
Conjurations   | 5 |  5.2
Stealth        | 3 |  3.0
Fighting       | |  0.4
Maces & Flails | |  0.1
Armour         | |  0.1
Dodging        | |  2.8
Spellcasting   | |  2.8

Action                   |  1- 3 |  4- 6 || total
-------------------------+-------+-------++-------
Melee: Unarmed           |     1 |       ||     1
       Whip              |     3 |       ||     3
       Mace              |    21 |     8 ||    29
 Cast: Magic Dart        |    28 |     5 ||    33
       Searing Ray       |    17 |    11 ||    28
  Use: Scroll            |     1 |       ||     1
       Potion            |       |     4 ||     4
  Eat: Chunk             |    12 |     2 ||    14
Armor: Robe              |     9 |       ||     9
       Ring mail         |     7 |     8 ||    15
Dodge: Dodged            |    32 |    10 ||    42
